 Dungeon Crawl Stone Soup version 0.30.1-4-g462c640d31 (webtiles) character file.

Game seed: 7962905483329834523

58784 Peloso the Fencer (level 14, -8/132 HPs)
             Began as a Minotaur Fighter on Aug 14, 2023.
             Was the Champion of Okawaru.
             Mangled by a guardian serpent (11 damage)
             ... on level 5 of the Lair of Beasts.
             The game lasted 00:52:17 (19741 turns).

Peloso the Fencer (Minotaur Fighter)               Turns: 19741, Time: 00:52:18

Health: -8/132     AC: 33    Str: 24    XL:     14   Next: 50%
Magic:  14/14      EV:  6    Int:  5    God:    Okawaru [******]
Gold:   1337       SH: 14    Dex: 15    Spells: 13/13 levels left

rFire   . . .        a - +7 double sword (freeze)
rCold   + + .        d - +0 kite shield
rNeg    . . .        W - +1 crystal plate armour {rC+}
rPois   .            t - +2 hat
rElec   +            y - +0 cloak
rCorr   .            i - +1 pair of gloves of the Yeti {rElec Regen+ Dex+3 Stlth+}
SInv    .            g - +0 pair of boots
Will    +....        E - amulet of regeneration Stlth
                     e - ring of protection from cold
HPRegen 2.02/turn    R - ring of flight
MPRegen 0.14/turn

%: no passive effects
@: lethally poisoned (-8 -> -12), flying, hasted, studying Polearms, very quick
A: horns 2, retaliatory headbutt
a: Renounce Religion, Heroism, Finesse, Duel


You were on level 5 of the Lair of Beasts.
You worshipped Okawaru.
Okawaru was exalted by your worship.
You visited 4 branches of the dungeon, and saw 20 of its levels.
You also visited: Ice Cave.

You collected 2092 gold pieces.
You spent 755 gold pieces at shops.

Inventory:

Hand Weapons
 a - a +7 double sword of freezing (weapon)
 b - the +5 falchion of Pighu {elec, rC+ SInv}
   (You found it on level 1 of the Lair of Beasts)

   rC:        It protects you from cold.
   SInv:      It lets you see invisible.
 c - a +2 whip of flaming
Armour
 d - a +0 kite shield (worn)
 g - a +0 pair of boots (worn)
 i - the +1 pair of gloves of the Yeti (worn) {rElec Regen+ Dex+3 Stlth+}
   (You acquired it in an ice cave)

   Dex:       It affects your dexterity (+3).
   rElec:     It insulates you from electricity.
   Regen:     It increases your rate of health regeneration.
   Stlth:     It makes you more stealthy.
 t - a +2 hat (worn)
 y - a +0 cloak (worn)
 W - a +1 crystal plate armour of cold resistance (worn)
Jewellery
 e - a ring of protection from cold (left hand)
 j - a ring of positive energy
 m - a ring of protection from fire
 E - an amulet of regeneration (around neck)
 P - a ring of poison resistance
 R - a ring of flight (right hand)
Scrolls
 k - 2 scrolls of immolation
 l - 7 scrolls of teleportation
 r - 3 scrolls of fear
 F - 4 scrolls of magic mapping
 K - a scroll of poison
 Y - 2 scrolls of blinking
Potions
 f - 4 potions of might
 h - a potion of mutation
 s - 8 potions of curing
 x - 3 potions of lignification
 z - 3 potions of flight
 D - 5 potions of heal wounds
 N - a potion of resistance
 U - 2 potions of berserk rage


   Skills:
 + Level 14.1 Fighting
 + Level 16.3 Long Blades
 + Level 15.9 Armour
 + Level 4.0 Dodging
 + Level 1.5 Stealth
 + Level 15.4 Shields
 + Level 1.5 Invocations
 + Level 1.1 Evocations


You had 13 spell levels left.
You didn't know any spells.
Your spell library contained the following spells:

 Spells                   Type           Power      Damage    Failure   Level
 Sandblast                Erth           0%         2d4       100%        1
 Blink                    Tloc           0%         N/A       100%        2
 Lesser Beckoning         Tloc           0%         N/A       100%        2
 Momentum Strike          Conj/Tloc      0%         3d8       100%        2
 Passwall                 Tmut/Erth      0%         N/A       100%        2
 Static Discharge         Conj/Air       0%         2-2/arc   100%        2
 Hailstorm                Conj/Ice       0%         3d3       100%        3
 Stone Arrow              Conj/Erth      0%         3d7       100%        3
 Volatile Blastmotes      Fire/Tloc      0%         2d10      100%        3
 Airstrike                Air            0%         2d(0-16)  100%        4
 Fulminant Prism          Conj/Hex       0%         3d5       100%        4
 Ice Form                 Ice/Tmut       0%         N/A       100%        4
 Iskenderun's Mystic Bla  Conj/Tloc      0%         2d3       100%        4
 Lee's Rapid Deconstruct  Erth           0%         3d4*      100%        5
 Chain Lightning          Conj/Air       0%         N/A       100%        9
 Fire Storm               Conj/Fire      0%         5d1       100%        9
 Shatter                  Erth           0%         3d5*      100%        9
 Summon Lightning Spire   Summ/Air       Unusable   N/A       N/A         4
 Simulacrum               Ice/Necr       Unusable   N/A       N/A         6

Dungeon Overview and Level Annotations

Branches:
Dungeon (12/15)            Temple (1/1) D:7            Lair (5/5) D:9
  Swamp (0/4) Lair:3       Spider (0/4) Lair:3          Orc (2/2) D:12
    Elf (0/3) Orc:2         IceCv (visited)
  Slime: Lair:4-5

Altars:
Ashenzari
Cheibriados
Dithmenos
Elyvilon
Fedhas
Gozag
Kikubaaqudgha
Makhleb
Nemelex Xobeh
Okawaru
Qazlal
Ru
Sif Muna
Trog
Uskayaw
Vehumet
Wu Jian
Xom
Yredelemnul
Zin
The Shining One

Shops:
D:4 (   Orc:1 ?(!?   Orc:2 (((?

Annotations:
D:6 Dig
D:12 Casa
Lair:1 1 runed translucent door, sonasty's ghost, journeyman DESu
Lair:2 3 runed translucent doors, Plommelars's ghost, journeyman TrGl; aeroqp's ghost, journeyman FoEE; dondy's ghost, journeyman MiGl; engelados's ghost, journeyman DECj
Lair:4 1 runed translucent door, Kuerar's ghost, journeyman BaFi


Innate Abilities, Weirdness & Mutations

You have a pair of horns on your head.
You reflexively headbutt those who attack you in melee.


Message History

You feel very sick. The black mamba closely misses you. The wyvern bites you!
* * * LOW HITPOINT WARNING * * *
You block the wyvern's attack. You block the black mamba's attack.
The wyvern bites you but does no damage.
You slash the wyvern! You freeze the wyvern. You headbutt the wyvern.
The wyvern is heavily wounded.
You feel sick. The wyvern barely misses you. You furiously retaliate!
You headbutt the wyvern. The wyvern barely misses you. You furiously retaliate!
You headbutt the wyvern.
The black mamba bites you but does no damage.
You block the wyvern's attack.
You slice the wyvern!! You freeze the wyvern.
You kill the wyvern!
Okawaru accepts your kill.
You feel very sick. You block the black mamba's attack.
You block the wyvern's attack.
The wyvern bites you but does no damage.
You slash the guardian serpent! You freeze the guardian serpent!
The guardian serpent is heavily wounded.
You feel sick. You block the black mamba's attack.
The guardian serpent coils itself and waves its upper body at you.
The bolt of poison hits you.
You are more poisoned.
* * * LOW HITPOINT WARNING * * *
You block the wyvern's attack. The wyvern bites you!
* * * LOW HITPOINT WARNING * * *
You block the black mamba's attack. The guardian serpent hits you!
* * * LOW HITPOINT WARNING * * *
The wyvern bites you but does no damage.
A wyvern comes into view.
Okay, then.
Unknown command.
You feel yourself speed up.
* * * LOW HITPOINT WARNING * * *
You feel very sick.
The wyvern hisses angrily.
You block the black mamba's attack. You block the wyvern's attack.
The guardian serpent hits you!
You die...

........###......
........#.#.(.....
.###.....#........
#......P.?##...
#....l.....#
.).....##....##
....... ##....#
......P ##..l##
....... ##.S@#
.....P. ##lS# ....
##Fs# ##.# ..#
.... #.... ..P.#
....#


You could see a guardian serpent, a black mamba, a cane toad, 3 wyverns and a
redback.

Vanquished Creatures
  Kirke (Lair:4)
  Josephine (Lair:4)
  2 ironbound frosthearts (IceCv)
  A boulder beetle (D:11)
  A catoblepas (Lair:3)
  10 death yaks
  2 two-headed ogres (D:10)
  Urug (D:12)
  3 orc high priests (Orc:2)
  A skyshark (Lair:1)
  Pikel (D:8)
  4 orc knights (Orc:2)
  5 orc sorcerers
  A deep elf pyromancer (D:12)
  A cyclops (D:12)
  A black mamba (Lair:5)
  An ice statue (IceCv)
  A torpor snail (Lair:1)
  A gargoyle (D:11)
  Maurice (D:12)
  8 cane toads
  5 rime drakes
  9 komodo dragons
  9 polar bears (IceCv)
  3 trolls
  A hornet (Lair:5)
  16 blink frogs
  7 dream sheep (Lair:4)
  2 culicivoras (Lair:3)
  A slime creature (D:7)
  A shadow (D:12)
  6 wyverns
  4 wraiths
  3 basilisks
  61 yaks
  4 hogs (Lair:4)
  2 humans (Lair:4)
  3 wargs
  4 steam dragons
  12 water moccasins
  2 sky beasts
  4 black bears
  20 orc warriors
  48 wolves
  13 ogres
  2 centaurs
  A phantom (D:6)
  6 kobold brigands
  9 bullfrogs
  8 gnoll sergeants
  4 scorpions
  3 killer bees (D:9)
  3 electric eels
  2 jellies (D:6)
  9 hounds
  2 gnoll boudas (D:9)
  21 orc priests
  Crazy Yiuf (D:3)
  4 sleepcaps
  19 orc wizards
  3 iguanas
  7 hell rats (Lair:3)
  40 gnolls
  5 adders
  2 shadow imps (D:6)
  An ufetubus (D:7)
  8 worms
  4 dart slugs
  60 orcs
  7 ball pythons
  6 endoplasms
  A giant cockroach (D:2)
  4 hobgoblins
  12 jackals
  16 kobolds
  4 quokkas
  5 bats
  6 frilled lizards
  6 goblins
  8 rats
587 creatures vanquished.

Vanquished Creatures (others)
  An orc wizard (Orc:2)
1 creature vanquished.

Grand Total: 588 creatures vanquished

Notes
Turn   | Place    | Note
-------+----------+-------------------------------------------
     0 | D:1      | Peloso the Minotaur Fighter began the quest for the Orb.
     0 | D:1      | Reached XP level 1. HP: 19/19 MP: 0/0
   198 | D:1      | Reached XP level 2. HP: 25/27 MP: 1/1
   399 | D:1      | Found a faded altar of an unknown god.
   593 | D:1      | Reached XP level 3. HP: 33/33 MP: 2/2
  1113 | D:2      | Reached skill level 3 in Long Blades
  1163 | D:2      | Reached XP level 4. HP: 37/41 MP: 3/3
  1175 | D:2      | Reached skill level 4 in Long Blades
  1756 | D:3      | Reached XP level 5. HP: 38/47 MP: 4/4
  1939 | D:3      | Reached skill level 5 in Long Blades
  2277 | D:3      | Found a runed translucent door.
  2278 | D:3      | Noticed Crazy Yiuf
  2371 | D:3      | Reached XP level 6. HP: 54/55 MP: 5/5
  2830 | D:4      | Reached skill level 1 in Dodging
  2845 | D:4      | Reached skill level 5 in Fighting
  3036 | D:4      | Found Pateq's Antique Weapon Emporium.
  3053 | D:4      | Bought a runed falchion for 102 gold pieces
  3144 | D:4      | Reached skill level 6 in Long Blades
  3168 | D:4      | Found a blossoming altar of Fedhas.
  3760 | D:5      | Entered Level 5 of the Dungeon
  3832 | D:4      | Reached skill level 5 in Armour
  3930 | D:5      | Reached XP level 7. HP: 47/61 MP: 6/6
  4102 | D:5      | Reached skill level 7 in Long Blades
  4762 | D:5      | Reached skill level 8 in Long Blades
  4762 | D:5      | Reached skill level 5 in Shields
  4762 | D:5      | Reached XP level 8. HP: 70/70 MP: 7/7
  5083 | D:6      | Identified a scroll of acquirement
  5103 | D:6      | Found an opulent altar of Gozag.
  5265 | D:6      | Reached skill level 9 in Long Blades
  5799 | D:3      | Killed Crazy Yiuf
  5913 | D:7      | Reached skill level 1 in Stealth
  5925 | D:7      | Noticed a slime creature
  5946 | D:7      | Killed a slime creature
  6070 | D:7      | Reached XP level 9. HP: 79/79 MP: 8/8
  6089 | D:7      | Reached skill level 10 in Long Blades
  6283 | D:7      | Identified the +3 leather armour "Bugiriu" {Contam rN+++
                  | Regen+ Str-2}
  6499 | D:7      | Found a staircase to the Ecumenical Temple.
  6508 | Temple   | Entered the Ecumenical Temple
  6563 | Temple   | Became a worshipper of Warmaster Okawaru
  6674 | D:7      | Found a shimmering blue altar of Sif Muna.
  7011 | D:8      | Identified the +1 leather armour of the Pink Corner
                  | {Rampage Str-3 SInv}
  7133 | D:8      | Reached * piety under Okawaru
  7329 | D:9      | Noticed Pikel
  7356 | D:8      | Killed Pikel
  7357 | D:8      | Reached skill level 11 in Long Blades
  7491 | D:8      | Reached XP level 10. HP: 90/90 MP: 9/9
  7611 | D:8      | Reached ** piety under Okawaru
  7720 | D:9      | Reached skill level 12 in Long Blades
  7827 | D:9      | Found a staircase to the Lair.
  8017 | D:9      | Reached *** piety under Okawaru
  8055 | D:9      | Reached skill level 10 in Armour
  8222 | D:9      | Found a burning altar of Makhleb.
  8532 | D:10     | Entered Level 10 of the Dungeon
  8706 | D:10     | Noticed a two-headed ogre
  8722 | D:10     | Killed a two-headed ogre
  8811 | D:10     | Reached skill level 13 in Long Blades
  8816 | D:10     | Reached **** piety under Okawaru
  8821 | D:10     | Reached XP level 11. HP: 78/97 MP: 10/10
  8881 | D:10     | Noticed a two-headed ogre
  8893 | D:10     | Killed a two-headed ogre
  9287 | Lair:1   | Entered Level 1 of the Lair of Beasts
  9593 | Lair:1   | Noticed a death yak
  9594 | Lair:1   | Noticed a death yak
  9641 | D:9      | Killed a death yak
  9792 | D:9      | Reached skill level 10 in Fighting
  9806 | Lair:1   | Noticed a skyshark
  9822 | Lair:1   | Killed a skyshark
  9823 | Lair:1   | Reached skill level 1 in Invocations
  9828 | Lair:1   | Reached ***** piety under Okawaru
  9829 | Lair:1   | Reached skill level 14 in Long Blades
  9892 | D:9      | Killed a death yak
  9928 | Lair:1   | Reached skill level 10 in Shields
 10056 | Lair:1   | Received a gift from Okawaru
 10172 | Lair:1   | Identified the +5 falchion of Pighu {elec, rC+ SInv}
 10303 | Lair:1   | Reached XP level 12. HP: 108/108 MP: 11/11
 10831 | Lair:1   | Found a runed translucent door.
 10831 | Lair:1   | Noticed sonasty's ghost (journeyman DESu)
 11137 | Lair:2   | Noticed a death yak
 11138 | Lair:2   | Noticed a death yak
 11141 | Lair:2   | Noticed a death yak
 11156 | Lair:2   | Killed a death yak
 11171 | Lair:2   | Killed a death yak
 11186 | Lair:2   | Killed a death yak
 11571 | Lair:2   | Identified the +2 robe of the Butcher {+Blink rCorr}
                  | (Okawaru gifted it to you on level 2 of the Lair of Beasts)
 11571 | Lair:2   | Received a gift from Okawaru
 11850 | Lair:2   | Found a runed translucent gate.
 11850 | Lair:2   | Found a runed translucent gate.
 11850 | Lair:2   | Found a runed translucent gate.
 11852 | Lair:2   | Noticed Plommelars's ghost (journeyman TrGl)
 11854 | Lair:2   | Noticed aeroqp's ghost (journeyman FoEE)
 11854 | Lair:2   | Noticed dondy's ghost (journeyman MiGl)
 11855 | Lair:2   | Noticed engelados's ghost (journeyman DECj)
 12261 | Lair:3   | Found a hole to the Spider Nest.
 12472 | Lair:3   | Noticed a catoblepas
 12577 | Lair:3   | Found a staircase to the Swamp.
 12778 | Lair:3   | Killed a catoblepas
 13214 | D:11     | Noticed a boulder beetle
 13230 | D:11     | Killed a boulder beetle
 13260 | D:11     | Found a frozen archway.
 13279 | IceCv    | Entered an ice cave
 13364 | IceCv    | Reached skill level 15 in Long Blades
 13367 | IceCv    | Reached XP level 13. HP: 113/117 MP: 13/13
 13544 | IceCv    | Reached ****** piety under Okawaru
 13687 | IceCv    | Acquired the +1 pair of gloves of the Yeti {rElec Regen+
                  | Dex+3 Stlth+}
 13723 | IceCv    | Identified the +1 sling of Nightmares {flame, rPois rF- rN+
                  | Str+6}
 13779 | IceCv    | Identified the +0 plate armour of Knowledge {-Tele +Inv rN+
                  | Dex+3 SInv} (Okawaru gifted it to you in an ice cave)
 13779 | IceCv    | Received a gift from Okawaru
 13938 | IceCv    | Identified the staff of cold "Fuhet" {Drain Fly rPois rC+
                  | Dex+3}
 15360 | Lair:4   | Reached skill level 15 in Armour
 15381 | Lair:4   | Noticed Josephine
 15392 | Lair:4   | Killed Josephine
 15903 | Lair:4   | Received a gift from Okawaru
 16057 | Lair:4   | Found a runed translucent door.
 16058 | Lair:4   | Noticed Kuerar's ghost (journeyman BaFi)
 17307 | D:12     | Noticed Maurice
 17316 | D:12     | Killed Maurice
 17448 | D:12     | Noticed Urug
 17459 | D:12     | Killed Urug
 17478 | D:12     | Found a staircase to the Orcish Mines.
 17489 | D:12     | Reached XP level 14. HP: 124/129 MP: 14/14
 17526 | D:12     | Reached skill level 1 in Evocations
 18110 | Orc:1    | Entered Level 1 of the Orcish Mines
 18136 | Orc:1    | Found Noizxioh's Distillery.
 18142 | Orc:1    | Bought a potion of berserk rage for 85 gold pieces
 18142 | Orc:1    | Bought a potion of mutation for 136 gold pieces
 18198 | Orc:1    | Found Kafysu Exe's Magic Scroll Boutique.
 18203 | Orc:1    | Found Hyschi's Weapon Shoppe.
 18207 | Orc:1    | Bought a scroll of identify for 30 gold pieces
 18375 | Orc:2    | Entered Level 2 of the Orcish Mines
 18470 | Orc:2    | Found a staircase to the Elven Halls.
 18894 | Orc:2    | Found Qaecacota's Magic Scroll Emporium.
 18928 | Orc:2    | Identified the +1 scale mail "Idgheiga" {rElec rPois Int+3
                  | Dex+4} (Okawaru gifted it to you on level 2 of the Orcish
                  | Mines)
 18928 | Orc:2    | Received a gift from Okawaru
 18941 | Orc:2    | Found Velonary's Antique Weapon Shop.
 18958 | Orc:2    | Reached skill level 16 in Long Blades
 18980 | Orc:2    | Reached skill level 15 in Shields
 19062 | Orc:2    | Bought a slimy falchion for 320 gold pieces
 19062 | Orc:2    | Identified the +0 falchion of Iniseawy {venom, Fragile
                  | rPois Str+2 Int+3} (You bought it in a shop on level 2 of
                  | the Orcish Mines)
 19062 | Orc:2    | Found Qyowkefyin's Weapon Shop.
 19071 | Orc:2    | Found Poisoeb's Weapon Emporium.
 19244 | Orc:1    | Found Jeanaha's Magic Scroll Shoppe.
 19264 | Orc:1    | Bought a scroll of blinking for 82 gold pieces
 19584 | Lair:5   | Entered Level 5 of the Lair of Beasts
 19586 | Lair:5   | Noticed Kirke
 19646 | Lair:4   | Killed Kirke
 19741 | Lair:5   | HP: 3/132 [poisoned by a guardian serpent (bolt of poison)]
 19741 | Lair:5   | Mangled by a guardian serpent

Illustrated notes

Levels and vault maps discovered:
D:1:      lemuel_arrival_broad_hall, layout_basic,
          ebering_ecumenical_altar_mist, minmay_misc_feat_room
D:2:      layout_basic
D:3:      layout_basic, nicolae_wormholes, uniq_crazy_yiuf_cottage
D:4:      layout_basic, kennysheep_mini_moat, serial_shops,
          nicolae_stop_n_shop_1
D:5:      layout_loops_ring, minmay_pentangle
D:6:      cheibrodos_quashed, layout_cave_pods, mainiacjoe_overflow_catwalk
D:7:      kennysheep_six_static_rooms, layout_loops_ring,
          nicolae_sif_muna_little_library, minmay_temple_entry_poolview,
          minmay_manual_monstrance
D:8:      layout_cave_pools
D:9:      layout_big_octagon, lightli_temple_of_fire, lair_entry_dummy,
          serial_gnoll_camp, gnoll_camp_huts_moat, gnoll_camp_mini_loothouse,
          gnoll_camp_mini_doghouse, gnoll_camp_medium_01, uniq_pikel
D:10:     layout_roguey
D:11:     layout_stronghold, portal_ice_cave_rime
D:12:     layout_irregular_city, kennysheep_orc_monster_closet_entryway,
          uniq_maurice, uniq_urug
Temple:   nicolae_temple_bog_church
Lair:1:   layout_long_grid, gammafunk_ghost_grave, serial_bayou,
          serial_bayou_crossing, serial_bayou_pond_d, serial_bayou_pond_b,
          serial_bayou_shore_a
Lair:2:   layout_roguey, gammafunk_ghost_cemetery
Lair:3:   layout_small_grid, swamp_mist, hellmonk_spider_entry_life_and_decay,
          st_stairs_10, chequers_serial_rivers_large_a
Lair:4:   wad_woods_pond, layout_layer_cave, ebering_ghost_inner_flame,
          uniq_josephine
Lair:5:   guppyfry_lair_end_dragon, layout_regular_city,
          hangedman_lair_tendril_chambers, slime_entry_2, uniq_kirke
Orc:1:    layout_caves, serial_shops, shop, shop, shop, shop
Orc:2:    st_orc_elflike, layout_diamond_mine

Skill      XL: |  1  2  3  4  5  6  7  8  9 10 11 12 13 14 |
---------------+-------------------------------------------+-----
Fighting       | 4 5 6 7 8 9 10 11 13 14 | 14.1
Armour         | 4 5 6 7 9 10 12 14 15 | 15.9
Shields        | 4 5 6 8 10 12 14 15 | 15.4
Long Blades    | 3 4 5 6 8 9 11 13 14 15 16 | 16.3
Dodging        | 1 2 3 4 |  4.0
Stealth        | 1 |  1.5
Invocations    | 1 |  1.5
Evocations     | 1 |  1.1

Action                     |  1- 3 |  4- 6 |  7- 9 | 10-12 | 13-15 || total
---------------------------+-------+-------+-------+-------+-------++-------
  Melee: Long sword        |    80 |   177 |       |       |       ||   257
         Headbutt          |    17 |    33 |    87 |   250 |   196 ||   583
         Falchion          |       |    28 |   363 |  1003 |   529 ||  1923
         Double sword      |       |       |       |       |   269 ||   269
         Unarmed           |       |       |       |       |     4 ||     4
 Invoke: Heroism           |       |       |       |    10 |     5 ||    15
  Evoke: Wand              |       |       |       |     5 |    12 ||    17
    Use: Potion            |     1 |     1 |       |     2 |     1 ||     5
         Scroll            |       |     2 |    14 |     5 |     9 ||    30
   Stab: Paralysed         |       |       |       |       |     4 ||     4
 Armour: Scale mail        |    41 |    33 |       |       |       ||    74
         Chain mail        |       |    98 |    91 |       |       ||   189
         Plate armour      |       |       |   136 |   542 |    76 ||   754
         Crystal plate arm |       |       |       |       |   362 ||   362
  Dodge: Dodged            |    41 |   108 |   113 |   298 |   177 ||   737
  Block: Buckler           |    23 |    49 |    82 |    76 |       ||   230
         Kite shield       |       |       |       |   384 |   551 ||   935
